 Dungeon Crawl Stone Soup version 0.19-a0-1697-g0595f0e (webtiles) character file.

2606 4thArraOfDagon the Cleaver (level 9, -6/111 HPs)
             Began as a Troll Wanderer on Sept 26, 2016.
             Was a Follower of the Shining One.
             Mangled by a hill giant
             ... wielding a +0 giant club
              (36 damage)
             ... on level 10 of the Dungeon.
             The game lasted 00:11:06 (2474 turns).

4thArraOfDagon the Cleaver (Troll Wanderer)         Turns: 2474, Time: 00:11:07

Health: -6/111     AC: 25    Str: 21    XL:     9   Next: 33%
Magic:  9/9        EV:  1    Int: 18    God:    the Shining One [*.....]
Gold:   174        SH:  0    Dex:  8    Spells: 0 memorised, 8 levels left

rFire  + . .     SeeInvis .     a - +2 hand axe
rCold  + . .     Gourm    +     (armour currently unavailable)
rNeg   + + +     Faith    .     (no shield)
rPois  +         Spirit   .     (helmet currently unavailable)
rElec  +         Dismiss  .     (cloak currently unavailable)
rCorr  +         Reflect  .     (gloves unavailable)
MR     .....     Harm     .     (boots unavailable)
Stlth  +......... NoTele   +    (no amulet)
                                (no ring)
                                (no ring)

@: brilliant, tree-form, resistant, glowing
A: unfitting armour, (claws 0), (slimy green scales 0), fast metabolism 3, frail
1, gourmand, high mp 1, regeneration 1, (shaggy fur 0), (tough skin 0),
MP-powered wands
a: Renounce Religion


You were on level 10 of the Dungeon.
You worshipped the Shining One.
The Shining One was aware of your devotion.
You were not hungry.
You were a tree.
You visited 1 branch of the dungeon, and saw 10 of its levels.

You collected 174 gold pieces.

Inventory:

Hand Weapons
 a - a +2 hand axe (weapon)
 b - a +0 hand crossbow
 y - a +0 war axe
Missiles
 c - 21 bolts
 E - 5 tomahawks of dispersal (quivered)
Armour
 e - a +1 robe (melded)
 x - a +0 cloak (melded)
Magical Staves
 u - an uncursed staff of air {unknown}
 A - an uncursed staff of fire {unknown}
Jewellery
 F - an uncursed ring of ice
Wands
 l - a wand of iceblast (6/15)
 z - a wand of flame (15/48)
 B - a wand of digging (10/24)
Scrolls
 d - a scroll of blinking {unknown}
 g - a scroll of recharging {unknown}
 h - 3 scrolls of enchant armour
 i - a scroll of amnesia
 q - 3 scrolls of identify {unknown}
 s - 2 scrolls of immolation {unknown}
 t - 3 scrolls of teleportation {unknown}
 v - a scroll of enchant weapon {unknown}
 D - 4 scrolls of remove curse {unknown}
Potions
 k - a potion of degeneration {unknown}
 m - 2 potions of might
 n - 3 potions of heal wounds {unknown}
 w - 2 potions of brilliance
 C - a potion of lignification
Comestibles
 f - 5 bread rations
 j - 3 meat rations


   Skills:
 - Level 3.3 Fighting
 * Level 11.0 Axes
 - Level 1.0 Dodging
   Level 1.0 Shields
 - Level 1.0 Evocations


You had 8 spell levels left.
You didn't know any spells.

Dungeon Overview and Level Annotations

Branches:
Dungeon (10/15)            Temple (0/1) D:5
   Lair: D:8-11         Orc: D:9-12

Altars:
Dithmenos
Fedhas
Okawaru
Sif Muna
The Shining One

Annotations:
D:6 Prince Ribbit


Innate Abilities, Weirdness & Mutations

You are too large for most types of armour.
((You have claws for hands.))
Your metabolism is lightning-fast.
You like to eat raw meat.
Your natural rate of healing is unusually fast.
((You are covered in fur. (AC +1)))
((You have very tough skin. (AC +2)))
((You are partially covered in slimy green scales. (AC +2)))
You are frail. (-10% HP)
You have an increased reservoir of magic. (+10% MP)
You expend magic power (3 MP) to strengthen your wands.


Message History

The hill giant is heavily wounded.
The hill giant hits you but does no damage.
You hit the hill giant.
The hill giant is heavily wounded.
The hill giant hits you with a giant club!!
* * * LOW HITPOINT WARNING * * *
You are too injured to fight recklessly!
You are too injured to fight recklessly!
You are too injured to fight recklessly!
You slash the hill giant!
The hill giant is severely wounded.
You hit the hill giant but do no damage.
The hill giant is severely wounded.
The hill giant hits you but does no damage.
You hit the hill giant but do no damage.
The hill giant is severely wounded.
You hit the hill giant.
The hill giant is severely wounded.
The hill giant hits you with a giant club!!!
You die...

#.#
#########.#######
#...............#
#...............#
#...............#
#...............####
#...................
#...............###.
#..♣C...........# ##
#...............#
#################


You could see a hill giant.

Vanquished Creatures
  A two-headed ogre (D:8)
  Grum (D:8)
  A hungry ghost (D:8)
  2 ice beasts
  A phantom (D:5)
  A sky beast (D:7)
  A black bear (D:7)
  2 wolves (D:8)
  5 centaurs
  2 ogres
  A big kobold (D:8)
  A bullfrog (D:7)
  A scorpion (D:4)
  A killer bee (D:7)
  2 howler monkeys (D:5)
  A bullfrog zombie (D:5)
  A crimson imp (D:6)
  3 hounds
  2 orc priests
  Crazy Yiuf (D:5)
  An iguana (D:5)
  7 orc wizards
  3 worker ants
  A hound skeleton (D:6)
  4 adders
  A shadow imp (D:8)
  An ooze (D:5)
  2 worms (D:4)
  A dart slug (D:5)
  4 leopard geckos
  19 orcs
  2 bats (D:1)
  A giant cockroach (D:3)
  A hobgoblin (D:1)
  4 kobolds
  2 quokkas
  2 ball pythons
  A giant cockroach zombie (D:5)
  A jackal skeleton (D:5)
  A rat (D:1)
90 creatures vanquished.

Notes
Turn   | Place    | Note
-------+----------+-------------------------------------------
     0 | D:1      | 4thArraOfDagon the Troll Wanderer began the quest for the Orb.
     0 | D:1      | 4thArraOfDagon set off with: a +2 hand axe, a +0 hand crossbow, 21 bolts, a potion of lignification, a +0 robe, 2 bread rations
     0 | D:1      | Reached XP level 1. HP: 19/19 MP: 0/0
   176 | D:2      | Reached XP level 2. HP: 27/27 MP: 1/1
   177 | D:2      | You fall through a shaft for 2 floors!
   194 | D:4      | Reached XP level 3. HP: 35/35 MP: 2/2
   208 | D:4      | Reached skill level 5 in Axes
   208 | D:4      | Reached XP level 4. HP: 33/42 MP: 3/3
   423 | D:4      | Reached XP level 5. HP: 40/50 MP: 4/4
   498 | D:5      | Entered Level 5 of the Dungeon
   518 | D:5      | Noticed an ice beast
   650 | D:5      | Found a glowing golden altar of the Shining One.
   671 | D:5      | Became a worshipper of the Shining One
   765 | D:5      | Found a staircase to the Ecumenical Temple.
   794 | D:5      | Reached skill level 6 in Axes
   794 | D:5      | Reached XP level 6. HP: 54/61 MP: 5/5
   854 | D:6      | Found a glowing golden altar of the Shining One.
   923 | D:6      | Noticed an orc warrior
   951 | D:5      | Found a blossoming altar of Fedhas.
  1075 | D:5      | Reached XP level 7. HP: 59/67 MP: 6/6
  1097 | D:5      | Reached skill level 7 in Axes
  1154 | D:5      | Reached * piety under the Shining One
  1163 | D:5      | Reached skill level 8 in Axes
  1285 | D:5      | Found a runed door.
  1289 | D:5      | Noticed Crazy Yiuf
  1300 | D:5      | Killed Crazy Yiuf
  1367 | D:6      | Reached XP level 8. HP: 60/75 MP: 7/7
  1369 | D:6      | Noticed Prince Ribbit
  1704 | D:6      | Reached skill level 9 in Axes
  1838 | D:7      | Found an iron altar of Okawaru.
  1848 | D:7      | Found a deep blue altar of Sif Muna.
  1958 | D:7      | Gained mutation: Your mind is acute. (Int +2) [mutagenic meat]
  1964 | D:7      | Gained mutation: You are frail. (-10% HP) [mutagenic meat]
  1967 | D:7      | Gained mutation: You have an increased reservoir of magic. (+10% MP) [mutagenic meat]
  2054 | D:8      | Noticed Grum
  2073 | D:8      | Gained mutation: You expend magic power (3 MP) to strengthen your wands. [potion of mutation]
  2073 | D:8      | Lost mutation: Your mind is acute. (Int +2) [potion of mutation]
  2073 | D:8      | Gained mutation: You are partially covered in slimy green scales. (AC +2) [potion of mutation]
  2081 | D:8      | Killed Grum
  2081 | D:8      | Reached skill level 10 in Axes
  2090 | D:8      | Reached XP level 9. HP: 35/74 MP: 9/9
  2331 | D:8      | Found a shadowy altar of Dithmenos.
  2353 | D:10     | Entered Level 10 of the Dungeon
  2404 | D:10     | Reached skill level 11 in Axes
  2430 | D:10     | Noticed a hill giant
  2474 | D:10     | Mangled by a hill giant

Vault maps used:
D:1:      ldierk_walled_garden, ashenzari_altar_1
D:2:      ecumenical_altar_1, minmay_misc_feat_five
D:3:      uniq_natasha
D:4:      first_bread, nicolae_gozag_cash_rules_everything_around_me
D:5:      minmay_opposing_rooms, basic_altar, tso_metal_star,
          uniq_crazy_yiuf_cottage
D:6:      nicolae_overflow_hidden_temple, nicolae_overflow_crystal_walls,
          uniq_prince_ribbit1
D:7:      grunt_temple_overflow_open, uniq_joseph
D:8:      lemuel_crystal_altar, uniq_grum
D:9:      grunt_qazlal_clouds, lair_0_dummy, grunt_pizzeria

Skill      XL: |  1  2  3  4  5  6  7  8  9 |
---------------+----------------------------+-----
Fighting       | 2 3 |  3.3
Axes           | 5 6 8 10 11 | 11.0
Dodging        | |  1.0
Shields        | |  1.0
Evocations     | |  1.0

Action                   |  1- 3 |  4- 6 |  7- 9 || total
-------------------------+-------+-------+-------++-------
Melee: Hand axe          |    47 |   133 |   260 ||   440
Evoke: Wand              |       |       |     3 ||     3
  Use: Potion            |     1 |       |     8 ||     9
       Scroll            |       |     2 |     1 ||     3
  Eat: Chunk             |     5 |     9 |    14 ||    28
       Bread ration      |       |       |     1 ||     1
Armor: Robe              |    26 |    42 |    92 ||   160
       Skin              |    27 |       |     3 ||    30
Dodge: Dodged            |    26 |    47 |   102 ||   175
